 Dungeon Crawl Stone Soup version 0.28-a0-662-g1651b1f1e0 (webtiles) character file.

Game seed: 6048525705213992282

3 sleeves the Skirmisher (level 1, 0/18 HPs)
             Began as a Demonspawn Fighter on Oct 14, 2021.
             Slain by a rat (2 damage)
             ... on level 1 of the Dungeon.
             The game lasted 00:00:09 (54 turns).

sleeves the Skirmisher (Demonspawn Fighter)           Turns: 54, Time: 00:00:10

Health: 0/18       AC:  6    Str: 16    XL:     1   Next: 41%
Magic:  1/1        EV:  9    Int:  9    God:
Gold:   15         SH:  4    Dex: 12    Spells: 0/0 levels left

rFire   . . .      SeeInvis .   a - +0 long sword
rCold   . . .      Faith    .   c - +0 buckler
rNeg    . . .      Spirit   .   b - +0 scale mail
rPois   .          Reflect  .   (no helmet)
rElec   .          Harm     .   (no cloak)
rCorr   .          Rampage  .   (no gloves)
Will    .....                   (no boots)
Stlth   ..........              (no amulet)
HPRegen 0.06/turn               (no ring)
MPRegen 0.07/turn               (no ring)

@: no status effects
A: no striking features
a: no special abilities


You were on level 1 of the Dungeon.
You visited 1 branch of the dungeon, and saw 1 of its levels.

You collected 15 gold pieces.

Inventory:

Hand Weapons
 a - a +0 long sword (weapon)
Armour
 b - a +0 scale mail (worn)
 c - a +0 buckler (worn)
Potions
 d - a potion of might


   Skills:
 - Level 3.0 Fighting
 + Level 2.1 Long Blades
 - Level 2.6 Armour
 - Level 2.6 Shields


You couldn't memorise any spells.
You didn't know any spells.
Your spell library was empty.

Dungeon Overview and Level Annotations

Branches:
Dungeon (1/15)

Altars:


Message History

Welcome, sleeves the Demonspawn Fighter.
Everyone else who sought the Orb of Zot has failed.
Will you be different?
Press ? for a list of commands and other information.
Found a staircase leading out of the dungeon.
There is a staircase leading out of the dungeon here.
Found 17 stones.
A kobold comes into view. It is wielding a +0 short sword.
A kobold is nearby!
A kobold is nearby!
Found 15 gold pieces.
A rat comes into view.
You block the kobold's attack.
You hit the kobold.
You kill the kobold!
Found a stone staircase leading down.
You slash the rat!
You kill the rat!
Your Long Blades skill increases to level 2!
No target in view!
No target in view!
No target in view!
No target in view!
No target in view!
Found 23 stones.
You now have 15 gold pieces.
A quokka comes into view.
Found 24 stones.
A rat comes into view.
The quokka bites you but does no damage.
The quokka closely misses you.
You closely miss the quokka.
The quokka bites you but does no damage.
You barely miss the quokka. The quokka bites you.
You block the quokka's attack.
You hit the quokka.
The quokka is severely wounded.
The quokka closely misses you.
Your scale mail prevents you from hitting the quokka.
The quokka is severely wounded.
The quokka barely misses you. The rat bites you.
The quokka bites you but does no damage.
The rat twitches its whiskers.
The rat barely misses you.
You hit the quokka but do no damage.
The quokka is severely wounded.
The quokka bites you. The rat bites you.
* * * LOW HITPOINT WARNING * * *
The quokka bites you.
* * * LOW HITPOINT WARNING * * *
You are too injured to fight recklessly!
You are too injured to fight recklessly!
You are too injured to fight recklessly!
You are too injured to fight recklessly!
There are monsters nearby!
There are monsters nearby!
You are too injured to fight recklessly!
You miss the quokka.
The quokka is severely wounded.
The rat bites you.
* * * LOW HITPOINT WARNING * * *
The quokka barely misses you.
You hit the quokka.
You kill the quokka!
The rat bites you but does no damage. The rat barely misses you.
You hit the rat.
The rat is heavily wounded.
The rat bites you.
* * * LOW HITPOINT WARNING * * *
You closely miss the rat.
The rat is heavily wounded.
The rat closely misses you.
You barely miss the rat. The rat bites you.
* * * LOW HITPOINT WARNING * * *
You block the rat's attack.
You closely miss the rat. The rat bites you but does no damage.
Your scale mail prevents you from hitting the rat.
The rat bites you but does no damage.
You closely miss the rat. The rat bites you.
You die...

####.......# #.......#
.........# #.......#
........# ##.......#
........# ##.)......#
........# #......(..#
#......# #....†....##
#......#
#..........####r.....##
##.............@†.....#
#.....#...............
#.......##.###.........
#.......##># #.........
#..........# #.........
##.......... #.........
##...#(.... #...(.....
#####......##........
#....


You could see a rat.

Vanquished Creatures
  A kobold (D:1)
  A quokka (D:1)
  A rat (D:1)
3 creatures vanquished.

Notes
Turn   | Place    | Note
-------+----------+-------------------------------------------
     0 | D:1      | sleeves the Demonspawn Fighter began the quest for the Orb.
     0 | D:1      | Reached XP level 1. HP: 18/18 MP: 1/1
    31 | D:1      | Reached skill level 2 in Long Blades
    46 | D:1      | HP: 9/18 [rat (3)]
    47 | D:1      | HP: 4/18 [rat (2)]
    54 | D:1      | Slain by a rat

Illustrated notes

Levels and vault maps discovered:
D:1:      dpeg_arrival_water_altar, layout_rooms,
          ebering_ecumenical_altar_petrified, minmay_indecisive_spiral

Skill      XL: |  1 |
---------------+----+-----
Long Blades    | 2 |  2.1
Fighting       | |  3.0
Armour         | |  2.6
Shields        | |  2.6

Action                   || total
-------------------------++-------
Melee: Long sword        ||    15
Armor: Scale mail        ||     6
Dodge: Dodged            ||     7
Block: Buckler           ||     3

Table legend: (Time is in decaauts)
 A = Elapsed time spent in this place.
 B = Non-inter-level travel time spent in this place.
 C = Inter-level travel time spent in this place.
 D = Time resting spent in this place.
 E = Time spent auto-exploring this place.
 F = Levels seen in this place.
 G = Mean time per level.
                   A        B        C        D        E       F      G
               +--------+--------+--------+--------+--------+-----+--------+
         Total |     58 |     58 |      0 |      0 |     28 |   1 |   58.0 |
       Dungeon |     58 |     58 |      0 |      0 |     28 |   1 |   58.0 |
               +--------+--------+--------+--------+--------+-----+--------+

Top non-repeatable levels by time:
     D:1: 58 daAuts
